Map: Oxide LE

Players

DPGherO (herO) - Winner!

  • Race: Protoss Protoss
  • League: Grandmaster

Trap

  • Race: Protoss Protoss

Event: ASUS ROG Fall 2021

VOD

Have the link to the VOD?

Description

Time

  • Played on: Sept. 17, 2021, 6:11 a.m.
  • Length: 5:57

All games in this series

Show
View Real Time Build Order
Export as new Build Order

DPGherO Protoss - Winner!

Build Orders: Blink Stalkers 

Get SALT Encoding   

  12  0:00  Probe  
  13  0:12  Probe  
  14  0:17  Pylon  
  14  0:24  Probe  
  15  0:35  Gateway  
  15  0:36  Probe (Chrono Boost)  
  16  0:43  Assimilator  
  16  0:48  Probe (Chrono Boost)  
  17  0:53  Probe (Chrono Boost)  
  18  1:03  Probe  
  19  1:04  Assimilator  
  19  1:10  Pylon  
  19  1:15  Probe  
  20  1:23  Cybernetics Core  
  20  1:24  Zealot  
  22  1:27  Probe  
  23  1:39  Probe  
  24  1:51  Probe  
  25  1:56  Stalker (Chrono Boost)  
  25  1:59  Warp Gate  
  27  2:04  Probe  
  28  2:10  Twilight Council  
  28  2:19  Stalker  
  30  2:34  Nexus  
  30  2:45  Pylon  
  30  3:14  Pylon, Blink (Chrono Boost)  
  30  3:15  Gateway  
  30  3:18  Gateway  
  30  3:21  Probe  
  30  3:34  Probe  
  31  3:46  Probe  
  31  3:48  Stalker  
  34  3:54  Shield Battery  
  32  3:56  Probe  
  32  3:58  Probe  
  32  3:59  Shield Battery  
  33  4:10  Stalker  
  33  4:11  Stalker  
  33  4:13  Stalker  
  39  4:19  Shield Battery  
  39  4:35  Stalker x2  
  43  4:40  Stalker  
  45  4:47  Shield Battery  
  43  5:05  Stalker x3  
  49  5:12  Pylon  
  49  5:18  Probe x2  
  51  5:31  Stalker  
  51  5:32  Stalker  
  51  5:33  Stalker  
Show
View Real Time Build Order
Export as new Build Order

Trap Protoss 

Build Orders:  

Get SALT Encoding   

  12  0:00  Probe  
  13  0:12  Probe  
  14  0:18  Pylon  
  14  0:24  Probe (Chrono Boost)  
  15  0:36  Probe (Chrono Boost)  
  15  0:38  Gateway  
  16  0:45  Probe (Chrono Boost)  
  16  0:46  Assimilator  
  17  0:50  Probe  
  18  1:02  Assimilator, Probe  
  19  1:15  Probe  
  20  1:25  Cybernetics Core  
  20  1:27  Probe  
  20  1:28  Pylon, Zealot  
  23  1:46  Probe  
  24  1:55  Pylon  
  24  1:58  Stalker (Chrono Boost), Probe  
  18  2:01  Warp Gate  
  27  2:12  Probe  
  27  2:15  Stargate  
  28  2:23  Stalker  
  28  2:27  Pylon  
  30  2:33  Shield Battery  
  30  2:36  Pylon  
  30  2:50  Void Ray (Chrono Boost)  
  32  3:15  Gateway  
  32  3:17  Gateway  
  32  3:19  Void Ray (Chrono Boost)  
  34  3:48  Stalker  
  34  3:53  Pylon  
  36  4:05  Void Ray  
  36  4:11  Shield Battery  
  36  4:12  Shield Battery  
  36  4:13  Stalker  
  42  4:22  Stalker  
  44  4:24  Pylon  
  44  4:32  Stalker  
  46  4:42  Shield Battery  
  46  4:44  Shield Battery  
  42  5:00  Adept x2  
  46  5:14  Nexus  
  44  5:37  Robotics Facility  
Tags
 
Add a new tag
Caveats
  • Supply blocks, unpowered buildings, or Contaminate may cause inaccurate times.
  • Supply counts are checked every 10 seconds.